 Dungeon Crawl Stone Soup version 0.26-a0-639-g72c4674329 (webtiles) character file.

Game seed: 7511709461602552603

57 Flugslaktarn the Skirmisher (level 3, -3/34 HPs)
             Began as a Minotaur Fighter on Sept 22, 2020.
             Slain by an orc wizard
             ... wielding a +0 dagger of electrocution
              (16 damage)
             ... on level 3 of the Dungeon.
             The game lasted 00:00:21 (305 turns).

Flugslaktarn the Skirmisher (Minotaur Fighter)       Turns: 305, Time: 00:00:21

Health: -3/34      AC: 11    Str: 20    XL:     3   Next: 73%
Magic:  2/2        EV:  3    Int:  6    God:
Gold:   50         SH:  9    Dex:  9    Spells: 2/2 levels left

rFire    . . .     SeeInvis .   a - +0 war axe
rCold    . . .     Faith    .   c - +0 kite shield
rNeg     . . .     Spirit   .   e - +0 plate armour
rPois    .         Reflect  .   (helmet restricted)
rElec    .         Harm     .   (no cloak)
rCorr    .         Rampage  .   (no gloves)
MR       .....                  (no boots)
Stlth    ..........             (no amulet)
HPRegen  0.11/turn              (no ring)
MPRegen  0.08/turn              (no ring)

@: no status effects
A: retaliatory headbutt, horns 2
a: no special abilities


You were on level 3 of the Dungeon.
You visited 1 branch of the dungeon, and saw 4 of its levels.

You collected 50 gold pieces.

Inventory:

Hand Weapons
 a - a +0 war axe (weapon)
Armour
 b - a +0 scale mail
 c - a +0 kite shield (worn)
 e - a +0 plate armour (worn)
   (You found it on level 1 of the Dungeon)
Jewellery
 f - an uncursed ring of protection from fire {unknown}
   (You found it on level 1 of the Dungeon)
Scrolls
 g - a scroll of amnesia {unknown}
Potions
 d - a potion of might


   Skills:
 * Level 4.4 Fighting
 * Level 3.5 Axes
 + Level 4.0 Armour
 + Level 4.0 Shields


You had 2 spell levels left.
You didn't know any spells.
Your spell library was empty.

Dungeon Overview and Level Annotations

Branches:
Dungeon (4/15)
 Temple: D:4-7

Altars:
Ashenzari


Innate Abilities, Weirdness & Mutations

You reflexively headbutt those who attack you in melee.
You have a pair of horns on your head.


Message History

The howler monkey hits you but does no damage.
The orc wizard mumbles some strange words.
The orc wizard blinks!
You closely miss the howler monkey. You headbutt the howler monkey.
The howler monkey is heavily wounded.
The howler monkey hits you but does no damage. x2
You closely miss the howler monkey. Your headbutt misses the howler monkey.
The howler monkey is heavily wounded.
You closely miss the orc wizard.
The howler monkey hoots and howls with incredible vigour!
The orc wizard hits you but does no damage.
You block the howler monkey's attack.
The orc wizard points at you and mumbles some strange words.
The magic dart hits you.
You closely miss the howler monkey. You headbutt the howler monkey.
The howler monkey is heavily wounded.
You closely miss the orc wizard.
The orc wizard hits you but does no damage.
You are electrocuted!
You die...

#.........###.####.
#.........#...# #.
#...........### ..
#.........### ..
#.........# ..
#....<....# ..
#.........#
#.ho......#
#†@.......#
###########


You could see a howler monkey and an orc wizard (fast).

Vanquished Creatures
  An orc wizard (D:3)
  An adder (D:3)
  6 orcs
  A giant cockroach (D:3)
  A hobgoblin (D:1)
  A kobold (D:2)
  A frilled lizard (D:2)
  A goblin (D:1)
  A rat (D:1)
14 creatures vanquished.

Notes
Turn   | Place    | Note
-------+----------+-------------------------------------------
     0 | D:1      | Flugslaktarn the Minotaur Fighter began the quest for the
                  | Orb.
     0 | D:1      | Reached XP level 1. HP: 19/19 MP: 0/0
   219 | D:3      | Noticed an orc wizard
   222 | D:3      | Reached XP level 2. HP: 26/27 MP: 1/1
   233 | D:3      | Reached XP level 3. HP: 27/34 MP: 2/2
   267 | D:4      | Found a shattered altar of Ashenzari.
   305 | D:3      | Slain by an orc wizard

Illustrated notes

Levels and vault maps discovered:
D:1:      ncdulo_lavacross, layout_loops_cross
D:2:      layout_loops_cross, chequers_temple_overflow_statue_of_worship,
          nrook_mini_backslash, kennysheep_doodads, uniq_terence
D:3:      layout_rooms
D:4:      layout_rooms, overflow_temple_1_default, lemuel_doored_altar,
          gammafunk_ghost_grave, nicolae_qazlal_general_emergency

Skill      XL: |  1  2  3 |
---------------+----------+-----
Fighting       | 4 |  4.4
Axes           | 3 |  3.5
Armour         | 4 |  4.0
Shields        | 4 |  4.0

Action                   || total
-------------------------++-------
Melee: War axe           ||    42
       Headbutt          ||     5
Armor: Plate armour      ||    31
Dodge: Dodged            ||     8
Block: Kite shield       ||    28

Table legend: (Time is in decaauts)
 A = Elapsed time spent in this place.
 B = Non-inter-level travel time spent in this place.
 C = Inter-level travel time spent in this place.
 D = Time resting spent in this place.
 E = Time spent auto-exploring this place.
 F = Levels seen in this place.
 G = Mean time per level.
                   A        B        C        D        E       F      G
               +--------+--------+--------+--------+--------+-----+--------+
         Total |    323 |    257 |     66 |     12 |    115 |   4 |   80.8 |
       Dungeon |    323 |    257 |     66 |     12 |    115 |   4 |   80.8 |
               +--------+--------+--------+--------+--------+-----+--------+

Top non-repeatable levels by time:
     D:1: 142 daAuts
     D:3: 100 daAuts
     D:2: 62 daAuts
     D:4: 18 daAuts
